 Dungeon Crawl Stone Soup version 0.31-a0-995-g04711c9635 (webtiles) character file.

Game seed: 13084566305631736380

2439 Azuregosa the Summoner (level 9, 0/34 HPs)
             Began as a Felid Summoner on Nov 6, 2023.
             Was an Initiate of Gozag.
             Slain by an orc warrior
             ... wielding a +0 dire flail
              (19 damage)
             ... on level 6 of the Dungeon.
             The game lasted 00:54:51 (10135 turns).

Azuregosa the Summoner (Felid Summoner)            Turns: 10135, Time: 00:54:52

Health: 0/34       AC:  2    Str:  4    XL:     9   Next: 25%
Magic:  12/21      EV: 17    Int: 18    God:    Gozag
Gold:   1255       SH:  0    Dex: 19    Spells: 13/23 levels left
                                        Lives:  0   Deaths: 3

rFire   . . .        (weapon unavailable)
rCold   . . .        (shield unavailable)
rNeg    . . .        (body armour unavailable)
rPois   .            (helmet unavailable)
rElec   .            (cloak unavailable)
rCorr   .            (gloves unavailable)
SInv    +            (boots unavailable)
Will    +....        u - amulet of regeneration
Stlth   ++           (no ring)
HPRegen 1.05/turn    (no ring)
MPRegen 0.17/turn

%: no passive effects
@: quick
A: very small, claws 1, fangs 3, see invisible, speed 1, shaggy fur 2, stealthy
paws, no weapons or thrown items, no armour, multi-lived
a: Renounce Religion, Potion Petition, Call Merchant, Bribe Branch


You were on level 6 of the Dungeon.
You worshipped Gozag.
Gozag was most pleased with you.
You visited 1 branch of the dungeon, and saw 8 of its levels.
You also visited: Ossuary.

You collected 1276 gold pieces.
You paid 21 gold pieces to Gozag.

Inventory:

Jewellery
 u - an amulet of regeneration (around neck)
Talismans
 h - a flux talisman
Wands
 p - a wand of flame (26)
 r - a wand of paralysis (6)
 t - a wand of iceblast (5)
 v - a wand of polymorph (6)
 y - a wand of digging (6)
Scrolls
 b - a scroll of poison
 c - 3 scrolls of revelation
 f - 2 scrolls of enchant weapon
 k - 3 scrolls of fear
 o - 2 scrolls of torment
 w - 2 scrolls of teleportation
 x - a scroll of butterflies
 A - a scroll of enchant armour {unknown}
 B - a scroll of blinking {unknown}
Potions
 a - a potion of magic
 d - 9 potions of curing {unknown}
 e - a potion of invisibility {unknown}
 g - a potion of degeneration {unknown}
 i - a potion of lignification {unknown}
 j - 3 potions of ambrosia {unknown}
 l - a potion of haste {unknown}
 m - 3 potions of heal wounds {unknown}
 n - a potion of cancellation
 q - 2 potions of mutation {unknown}
 s - 2 potions of brilliance {unknown}
 z - 2 potions of attraction {unknown}


   Skills:
 - Level 2.6 Dodging
 - Level 2.6 Stealth
 + Level 7.6 Spellcasting
 + Level 8.2 Summonings
 + Level 5.6 Air Magic


You had 13 spell levels left.
You knew the following spells:

 Your Spells              Type           Power      Damage    Failure   Level
a - Summon Small Mammal   Summ           100%       N/A       1%          1
b - Call Imp              Summ           72%        N/A       1%          2
c - Summon Guardian Gole  Hex/Summ       21%        N/A       5%          3
d - Summon Lightning Spi  Summ/Air       31%        N/A       6%          4

Your spell library contained the following spells:

 Spells                   Type           Power      Damage    Failure   Level
 Call Canine Familiar     Summ           36%        N/A       1%          3
 Gell's Gravitas          Tloc           6%         N/A       30%         3
 Teleport Other           Tloc           6%         N/A       30%         3
 Dispersal                Tloc           3%         N/A       100%        6


Dungeon Overview and Level Annotations

Branches:
Dungeon (8/15)             Temple (0/1) D:7         Ossuary (visited)
   Lair: D:8-11

Altars:
Ashenzari
Elyvilon
Gozag
Xom
Yredelemnul


Innate Abilities, Weirdness & Mutations

You have sharp claws.
You have razor-sharp teeth.
You have supernaturally acute eyesight. (SInv)
You cover ground quickly. (Speed+)
You are covered in thick fur. (AC +2)
Your paws help you pounce on unaware monsters.
You are incapable of wielding weapons or throwing items.
You cannot wear armour.
You gain extra lives every three experience levels.


Message History

You see here 4 stones.
You see here 7 gold pieces.
The electric eel shoots out a bolt of lightning at you!
The bolt of electricity hits you!
You see here 4 stones.
You see here a +0 short sword.
You see here a +2 short sword of flaming.
You see here a staff of earth.
There is a stone staircase leading up here.
There is a stone staircase leading down here.
You climb downwards.
The orc hits you with a +0 hand axe. The orc barely misses you.
The orc misses you. The orc barely misses you.
The orc warrior barely misses you.
There is a stone staircase leading up here.
The orc misses you. The orc closely misses you.
The orc hits you with a +0 dagger. The orc warrior completely misses you.
The orc closely misses you.
You climb upwards.
There is a stone staircase leading down here.
Casting: Summon Small Mammal (safe; 1% risk of failure)
Confirm with . or Enter, or press ? or * to list all spells.
An electric hum fills the air.
The orc barely misses you. The orc hits you with a +0 dagger.
The orc warrior hits you with a +0 dire flail!
The orc hits you but does no damage.
Casting: Summon Lightning Spire (quite dangerous; 6% risk of failure)
Confirm with . or Enter, or press ? or * to list all spells.
A guardian golem appears, shielding your allies.
The orc misses you. The orc warrior closely misses you.
The orc closely misses you. The orc hits you with a +0 hand axe.
The orc hits your guardian golem with a +0 hand axe.
The orc hits you but does no damage.
Casting: Summon Guardian Golem (dangerous; 5% risk of failure)
Confirm with . or Enter, or press ? or * to list all spells.
A tiny devil pulls itself out of the air.
The orc closely misses you.
The orc warrior hits you with a +0 dire flail!!
Ouch! That really hurt!
You die...
Your body crumbles into a pile of gold.

#≈.# #.# #....<.....# # #≈.# #.#
#..######### # ≈≈.# #.# #).# #
#..########.# #..# #
#.........).## #..# #
#...#####....# #..# # #...###
#....#####..###### #
......###)..[)9ooo8......# #
..........##.)[o@o5...<..# #
......##..#########.###..########
#..)####..# #.# #.......... #...#
#..# #.# #.######### ##### #..#
#.# #.# ...# #..# #.# #.# ##.#
###..#########.# #.#####
#.###.......Y......###.....#
#.....#..####..........###.#


You could see an orc warrior (ally target), 4 orcs, a friendly guardian golem
(summoned), a friendly lightning spire (summoned, sheltered) and a friendly
cerulean imp (summoned).

Vanquished Creatures
  The ghost of Karim the Digger, a novice GnEE (D:3)
  A sky beast (D:6)
  A jelly (D:4)
  A hound (D:4)
  5 adders
  A shadow imp (D:6)
  4 orcs
  An endoplasm (D:3)
  A giant cockroach (D:1)
  A goblin (D:2)
  2 hobgoblins (D:1)
  2 jackals (D:1)
  3 ball pythons
  A bat (D:1)
  2 frilled lizards
  3 gnoll skeletons (Ossuary)
  A kobold skeleton (Ossuary)
  An orc skeleton (Ossuary)
  4 rats
36 creatures vanquished.

Vanquished Creatures (collateral kills)
  A wraith (Ossuary)
  Duvessa (D:4)
  A water moccasin (D:4)
  A black bear (D:5)
  An ice beast (D:6)
  A kobold brigand (D:6)
  2 scorpions
  A wyvern zombie (D:5)
  Dowan (D:4)
  A nameless horror (Ossuary)
  A bullfrog zombie (D:5)
  2 jellies
  2 sleepcaps (D:6)
  Jessica (D:2)
  4 orc wizards
  3 iguanas
  A mummy (Ossuary)
  7 gnolls
  2 adders
  2 worms (D:2)
  A dart slug (D:3)
  13 orcs
  A bat (D:1)
  11 endoplasms
  4 giant cockroaches
  6 goblins
  4 hobgoblins
  A jackal (D:1)
  2 quokkas
  11 ball pythons
  6 frilled lizards
  7 gnoll skeletons (Ossuary)
  7 kobolds
  2 kobold skeletons (Ossuary)
  11 orc skeletons (Ossuary)
  8 rats
131 creatures vanquished.

Vanquished Creatures (others)
  The ghost of t4s4d4r the Cudgeller, a novice DsFi of Hepliaklqana (D:5)
  A centaur (D:5)
  A scorpion (D:5)
  A hound (D:5)
  Terence (D:2)
  Ijyb (D:3)
  4 gnolls
  2 orcs
  2 kobolds
14 creatures vanquished.

Grand Total: 181 creatures vanquished

Notes
Turn   | Place    | Note
-------+----------+-------------------------------------------
     0 | D:1      | Azuregosa the Felid Summoner began the quest for the Orb.
     0 | D:1      | Reached XP level 1. HP: 7/7 MP: 4/4
   149 | D:1      | Reached XP level 2. HP: 11/11 MP: 1/6
   243 | D:1      | Learned a level 2 spell: Call Imp
   615 | D:2      | Noticed Terence
   644 | D:1      | Reached XP level 3. HP: 14/14 MP: 1/8
   707 | D:1      | Learned a level 3 spell: Summon Guardian Golem
  1370 | D:2      | Found an opulent altar of Gozag.
  1376 | D:2      | Became a worshipper of Gozag Ym Sagoz the Greedy
  1420 | D:2      | Found a faded altar of an unknown god.
  1606 | D:2      | Reached XP level 4. HP: 17/18 MP: 3/9
  1929 | D:2      | Noticed Jessica
  1939 | D:2      | Killed Jessica
  1940 | D:2      | Reached skill level 5 in Summonings
  2303 | D:2      | Killed Terence
  2304 | D:2      | Reached XP level 5. HP: 17/21 MP: 6/11
  3862 | D:5      | Entered Level 5 of the Dungeon
  3961 | D:4      | Noticed Dowan
  3961 | D:4      | Noticed Duvessa
  4063 | D:4      | Noticed Ijyb
  4233 | D:3      | Killed Ijyb
  4403 | D:4      | Gained mutation: You are covered in thick fur. (AC +2)
                  | [Felid growth]
  4403 | D:4      | Reached XP level 6. HP: 14/24 MP: 6/13
  4471 | D:4      | Learned a level 4 spell: Summon Lightning Spire
  4527 | D:4      | Found a runed translucent door.
  4527 | D:4      | Noticed Karim's ghost (novice GnEE)
  4532 | D:4      | Noticed a water moccasin
  4551 | D:4      | Killed a water moccasin
  4552 | D:4      | Reached skill level 6 in Summonings
  4964 | D:4      | Reached skill level 5 in Spellcasting
  4964 | D:4      | Reached skill level 1 in Air Magic
  5033 | D:4      | Reached XP level 7. HP: 27/27 MP: 5/15
  5327 | D:4      | Killed Duvessa
  5340 | D:4      | Killed Dowan
  5949 | D:4      | Killed from afar by Karim's ghost
  6535 | D:2      | You fall into a shaft and drop 2 floors!
  6832 | D:5      | Reached XP level 8. HP: 22/31 MP: 10/18
  6991 | D:5      | Found a runed translucent gate.
  6991 | D:5      | Found a runed translucent gate.
  6991 | D:5      | Found a runed translucent gate.
  6991 | D:5      | Noticed t4s4d4r's ghost (novice DsFi)
  6992 | D:5      | Found a basalt altar of Yredelemnul.
  6999 | D:5      | HP: 1/31 [wyvern zombie (12)]
  7000 | D:5      | Mangled by a wyvern zombie
  7088 | D:5      | Found a white marble altar of Elyvilon.
  7088 | D:5      | Found a broken altar of Ashenzari.
  7091 | D:5      | Found a shimmering altar of Xom.
  7608 | D:5      | Killed t4s4d4r's ghost
  7609 | D:5      | Reached skill level 7 in Summonings
  7847 | D:6      | Found a sand-covered staircase.
  7888 | Ossuary  | Entered an ossuary
  8566 | D:6      | Reached skill level 5 in Air Magic
  8770 | D:6      | Reached XP level 9. HP: 34/34 MP: 16/20
  8813 | D:6      | You fall into a shaft and drop 2 floors!
  9521 | D:6      | Killed from afar by an electric eel
  9562 | D:6      | Reached skill level 8 in Summonings
  9839 | D:3      | Killed Karim's ghost
 10135 | D:6      | Slain by an orc warrior

Illustrated notes

Levels and vault maps discovered:
D:1:      dpeg_arrival_ratfight, layout_basic
D:2:      kennysheep_six_static_rooms, layout_loops_corners, basic_altar,
          nicolae_ecumenical_snake_handling, uniq_jessica, uniq_terence
D:3:      kennysheep_big_flooded_room, layout_basic
D:4:      layout_cave_pools, hellmonk_ghost_happy_afterlife, uniq_duvessa,
          uniq_ijyb
D:5:      layout_cave_pools, nicolae_yredelemnul_ghost_church,
          nicolae_overflow_hidden_temple, nicolae_zen_rock_garden
D:6:      layout_loops_ring, nicolae_ossuary_entry_monument, serial_park_tiny_1,
          minmay_misc_feat_hallway, lightli_minifort
D:7:      dreamdust_elfheim, layout_gridville, temple_hall, kennysheep_doodads,
          hangedman_misty_isle, uniq_prince_ribbit1
D:8:      layout_basic, lemuel_round_altar, nicolae_qazlal_eye_of_the_storm

Skill      XL: |  1  2  3  4  5  6  7  8  9 |
---------------+----------------------------+-----
Spellcasting   | 3 4 5 6 7 |  7.6
Summonings     | 5 6 7 8 |  8.2
Air Magic      | 1 3 5 |  5.6
Dodging        | |  2.6
Stealth        | |  2.6

Action                     |  1- 3 |  4- 6 |  7- 9 || total
---------------------------+-------+-------+-------++-------
  Melee: Unarmed           |    50 |    51 |   106 ||   207
         Punch             |     2 |     2 |       ||     4
         Bite              |     2 |     8 |    13 ||    23
   Cast: Summon Small Mamm |    69 |    80 |    65 ||   214
         Call Imp          |    14 |    41 |    36 ||    91
         Summon Guardian G |     2 |    16 |    32 ||    50
         Summon Lightning  |       |       |    41 ||    41
  Evoke: Wand              |       |       |     3 ||     3
    Use: Scroll            |       |       |    11 ||    11
   Stab: Distracted        |     1 |       |       ||     1
 Armour: Skin              |    26 |    45 |    85 ||   156
  Dodge: Dodged            |    76 |    62 |   137 ||   275

Table legend: (Time is in decaauts)
 A = Elapsed time spent in this place.
 B = Non-inter-level travel time spent in this place.
 C = Inter-level travel time spent in this place.
 D = Time resting spent in this place.
 E = Time spent auto-exploring this place.
 F = Levels seen in this place.
 G = Mean time per level.
                   A        B        C        D        E       F      G
               +--------+--------+--------+--------+--------+-----+--------+
         Total |   9036 |   8883 |    153 |   1755 |   3378 |   9 | 1004.0 |
       Dungeon |   8608 |   8455 |    153 |   1644 |   3340 |   8 | 1076.0 |
       Ossuary |    428 |    428 |      0 |    111 |     37 |   1 |  428.0 |
               +--------+--------+--------+--------+--------+-----+--------+

Top non-repeatable levels by time:
     D:3: 2013 daAuts
     D:4: 1638 daAuts
     D:2: 1345 daAuts
     D:6: 1209 daAuts
     D:1: 1150 daAuts
     D:5: 1134 daAuts
 Ossuary: 428 daAuts
     D:8: 89 daAuts
     D:7: 27 daAuts
